Map: Tours du crépuscule

Players

Grugdush

  • Race: Protoss Protoss
  • League: Gold

Julo - Winner!

  • Race: Terran Terran
  • League: Silver

VOD

Have the link to the VOD?

Description

Time

  • Played on: Feb. 10, 2016, 9:56 a.m.
  • Length: 13:57
Show
View Real Time Build Order
Export as new Build Order

Grugdush Protoss 

Build Orders:  

Get SALT Encoding   

  12  0:02  Probe (Chrono Boost)  
  13  0:13  Probe (Chrono Boost)  
  14  0:21  Pylon  
  14  0:23  Probe (Chrono Boost)  
  15  0:39  Probe (Chrono Boost)  
  16  0:43  Gateway  
  17  0:50  Probe (Chrono Boost)  
  17  0:53  Assimilator  
  17  1:00  Probe (Chrono Boost)  
  18  1:09  Gateway  
  18  1:17  Pylon  
  18  1:19  Probe (Chrono Boost)  
  19  1:35  Cybernetics Core  
  19  1:40  Probe (Chrono Boost)  
  20  1:48  Pylon  
  20  1:53  Probe (Chrono Boost)  
  21  1:57  Assimilator  
  21  2:07  Gateway  
  21  2:09  Probe (Chrono Boost)  
  21  2:14  Warp Gate (Chrono Boost)  
  22  2:15  Adept  
  22  2:16  Adept  
  26  2:23  Probe  
  27  2:36  Probe  
  28  2:45  Gateway  
  28  2:47  Adept  
  28  2:48  Adept  
  32  3:07  Adept  
  32  3:12  Probe  
  35  3:14  Adept  
  35  3:15  Adept  
  39  3:23  Twilight Council  
  39  3:24  Pylon  
  39  3:42  Probe, Zealot  
  42  4:02  Nexus  
  42  4:05  Pylon  
  42  4:07  Probe  
  43  4:15  Resonating Glaives (Chrono Boost)  
  43  4:20  Adept  
  45  4:37  Probe  
  46  4:44  Robotics Facility  
  46  4:50  Mothership Core  
  48  5:11  Probe  
  49  5:23  Probe  
  50  5:32  Observer  
  51  5:39  Zealot x4  
  59  5:47  Charge (Chrono Boost)  
  59  5:56  Dark Shrine  
  54  6:46  Observer  
  55  6:52  Zealot x3  
  61  7:05  Pylon  
  61  7:06  Pylon  
  61  7:07  Pylon, Probe  
  62  7:16  Probe  
  62  7:21  Probe  
  62  7:25  Forge x2  
  62  7:42  Probe  
  62  7:43  Probe  
  64  7:47  Warp Prism  
  66  7:52  Probe  
  66  7:55  Probe  
  68  7:58  Protoss Ground Weapons Level 1 (Chrono Boost)  
  68  7:59  Protoss Ground Armor Level 1 (Chrono Boost)  
  68  8:09  Zealot x3  
  68  8:10  Zealot  
  76  8:17  Probe x2, Assimilator  
  78  8:21  Assimilator  
  78  8:29  Probe  
  78  8:30  Probe  
  80  8:41  Probe  
  80  8:42  Probe  
  68  9:25  Dark Templar  
  68  9:26  Dark Templar x3  
  76  9:33  Archon  
  76  9:37  Archon  
  76  9:45  Protoss Ground Armor Level 2 (Chrono Boost), Protoss Ground Weapons Level 2 (Chrono Boost)  
  76  9:59  Nexus  
  66  10:18  Probe x2  
  68  10:30  Probe  
  68  10:31  Probe  
  70  10:37  Dark Templar x4  
  70  10:41  Archon  
  78  10:43  Probe x2  
  80  10:55  Probe  
  81  11:01  Pylon  
  81  11:02  Pylon  
  81  11:08  Probe  
  81  11:10  Probe  
  81  11:11  Probe  
  84  11:25  Zealot x4  
  58  11:50  Dark Templar x4  
  43  12:24  Dark Templar  
  43  12:25  Dark Templar x3  
  40  12:59  Zealot x4  
  24  13:20  Dark Templar x4  
Show
View Real Time Build Order
Export as new Build Order

Julo Terran - Winner!

Build Orders: 1/1/1, MMM Bio 

Get SALT Encoding   

  12  0:01  SCV  
  13  0:14  SCV  
  14  0:22  Supply Depot  
  15  0:28  SCV  
  15  0:29  Refinery  
  15  0:43  SCV  
  15  0:47  Barracks  
  16  0:55  SCV  
  17  1:07  SCV  
  18  1:18  Supply Depot  
  18  1:20  SCV  
  19  1:38  Marine  
  19  1:39  Factory  
  20  1:46  Orbital Command  
  20  1:56  Marine  
  21  2:13  Command Center  
  21  2:19  Barracks Tech Lab  
  21  2:28  Starport  
  21  2:30  Factory Tech Lab  
  21  2:34  SCV  
  22  2:47  Marine  
  22  2:49  SCV  
  24  2:51  Refinery  
  24  3:02  SCV  
  25  3:13  Barracks  
  25  3:14  SCV, Barracks  
  26  3:21  Marine  
  26  3:26  SCV  
  27  3:28  Siege Tank  
  30  3:37  Orbital Command  
  30  3:38  Marine  
  30  3:41  SCV  
  32  3:47  Combat Shields  
  32  3:53  SCV  
  33  3:59  Marine  
  34  4:02  Marine  
  34  4:05  SCV  
  34  4:07  Medivac  
  38  4:17  Marine  
  38  4:18  SCV x2  
  41  4:30  SCV  
  41  4:31  Supply Depot  
  42  4:32  Siege Tank  
  42  4:35  Marine  
  46  4:39  Barracks Reactor  
  46  4:52  Marine, SCV x2  
  49  4:53  Barracks  
  49  4:57  Barracks Reactor  
  49  4:58  Barracks  
  49  5:06  Supply Depot  
  49  5:19  Marine x2  
  49  5:20  Marine  
  52  5:21  Stimpack  
  52  5:26  Medivac  
  52  5:27  SCV x2  
  56  5:30  Refinery  
  56  5:34  Supply Depot  
  56  5:37  Marine x2  
  56  5:39  Marine, SCV x2  
  61  5:51  SCV  
  61  5:55  SCV  
  61  5:56  Medivac  
  65  5:58  Supply Depot  
  65  6:13  Marine x4  
  69  6:19  Siege Tank  
  69  6:39  Barracks Reactor  
  64  6:40  Barracks Tech Lab  
  64  6:41  Marine, Marauder  
  67  6:51  Engineering Bay x2  
  67  6:52  Starport Reactor  
  67  7:03  Marauder  
  69  7:08  Command Center  
  69  7:26  Marine x4  
  69  7:27  Marine  
  74  7:32  Marauder  
  76  7:44  Marine x2  
  76  7:50  Supply Depot  
  78  7:51  Supply Depot  
  78  7:53  Supply Depot  
  78  7:55  Liberator  
  78  7:56  Supply Depot  
  78  7:58  Liberator  
  78  8:09  Refinery  
  78  8:12  Marine x4, Marauder, SCV x2  
  86  8:13  Siege Tank  
  94  8:55  Liberator x2  
  80  9:09  Marine x3  
  82  9:10  Marine x3  
  92  9:17  Orbital Command  
  92  9:18  SCV x2  
  94  9:25  Terran Infantry Armor Level 1  
  94  9:26  Terran Infantry Weapons Level 1  
  94  9:29  Marine x4, Armory  
  94  9:30  Marine x3, Marauder, SCV x2  
  94  9:31  Siege Tank  
  108  9:47  Marine x2  
  108  9:50  Refinery x2  
  110  9:55  Medivac  
  110  9:58  Supply Depot x3  
  112  10:03  Missile Turret, Siege Tank  
  112  10:06  Missile Turret  
  115  10:09  Missile Turret x2  
  115  10:12  Missile Turret  
  109  10:22  Missile Turret  
  109  10:26  Missile Turret  
  109  10:29  Marine  
  110  10:35  Missile Turret  
  110  10:37  Marine x3  
  113  10:55  Marine x5  
  113  10:56  Marauder, SCV  
  121  10:57  SCV  
  121  10:59  SCV  
  123  11:11  Supply Depot  
  103  12:10  Marine  
  103  12:11  Marine x5, Marauder x2, Widow Mine  
  103  12:13  Medivac x2  
  115  12:40  Widow Mine  
  111  12:54  Marine x3  
  111  12:55  Marine x4, Marauder  
  120  13:12  Marine x4  
  121  13:13  Marine  
  123  13:23  Barracks  
  123  13:26  Command Center  
  123  13:32  Command Center  
  109  13:34  Barracks  
  109  13:36  Barracks  
  109  13:39  Barracks  
Tags
 
Add a new tag
Caveats
  • Supply blocks, unpowered buildings, or Contaminate may cause inaccurate times.
  • Supply counts are checked every 10 seconds.